 Dungeon Crawl Stone Soup version 0.31.0-1-g2c135a008e (webtiles) character file.

Game seed: 12805739934243366274

187 qw the Shooter (level 5, -8/39 HPs)
             Began as a Djinni Hunter on Jan 23, 2024.
             Blown up by Ijyb (18 damage)
             ... with a mindburst bolt
             ... on level 3 of the Dungeon.
             The game lasted 00:00:04 (1328 turns).

qw the Shooter (Djinni Hunter)                      Turns: 1328, Time: 00:00:04

Health: -8/39      AC:  5    Str: 10    XL:     5   Next: 99%
Gold:   91         EV: 12    Int: 10    God:
                   SH:  0    Dex: 19

rFire   + + .        a - +0 shortbow
rCold   x . .        (shield currently unavailable)
rNeg    + . .        c - +0 leather armour
rPois   inf          (no helmet)
rElec   .            (no cloak)
rCorr   .            f - +1 pair of gloves
SInv    .            (boots unavailable)
Will    .....        (no amulet)
Stlth   ++           g - ring of positive energy
HPRegen 0.26/turn    (no ring)
MPRegen 0.00/turn

%: infuse magic (-9 HP)
@: flying
A: sickness immunity, fire resistance 2, cold vulnerability 1, float, innate
caster, HP casting, extra vitality 1
a: no special abilities


You were on level 3 of the Dungeon.
You visited 1 branch of the dungeon, and saw 3 of its levels.

You collected 91 gold pieces.


Innate Abilities, Weirdness & Mutations

You are immune to sickness and miasma.
You are immune to poison.
Your flesh is very heat resistant. (rF++)
You are vulnerable to cold. (rC-)
You float through the air rather than walking.
You learn spells naturally, not from books.
Your magical power is your life essence.
You have superior vitality. (+4 MHP)


   Skills:
 + Level 2.3 Fighting
 - Level 5.4 Ranged Weapons
 - Level 2.1 Dodging
 - Level 0.7 Stealth


You knew the following spells:

 Your Spells              Type           Power      Damage    Failure   Level
a - Summon Small Mammal   Summ           0%         N/A       45%         1
b - Ensorcelled Hibernat  Hex/Ice        0%         N/A       61%         2
Your spell library was empty.

Inventory:

Hand Weapons
 a - a +0 shortbow (weapon)
Armour
 c - a +0 leather armour (worn)
 f - a +1 pair of gloves (worn)
Jewellery
 g - a ring of positive energy (left hand)
Scrolls
 d - 2 scrolls of identify

Dungeon Overview and Level Annotations

Branches:
Dungeon (3/15)

Altars:

Annotations:
D:3 Ijyb


Message History

As you read the scroll of identify, it crumbles to dust.
b - a potion of ambrosia Partly explored, can't reach some places.
1278 ||| READING 2 scrolls of identify.
1278 ||| IDENTIFYING 3 scrolls labelled MEEFRA DIRO
As you read the scroll of identify, it crumbles to dust.
e - 3 scrolls of noise Partly explored, can't reach some places.
1279 ||| DROPPING potion of ambrosia.
You drop a potion of ambrosia.
Partly explored, can't reach some places.
1280 ||| DROPPING 3 scrolls of noise.
You drop 3 scrolls of noise.
Partly explored, can't reach some places.
What level of the Dungeon? (default 2, ? - help)
There is a stone staircase leading down here.
You fly downwards.
Found a scroll of identify.
There is a stone staircase leading up here.
Waypoint 2 assigned to D:3.
Found a scroll of butterflies.
d - 2 scrolls of identify (gained 1)
You see here a scroll of butterflies.
Ijyb the Twisted Goblin comes into view.
She is wielding a +2 dagger of electrocution and carrying a wand of mindburst.
You shoot an arrow. The arrow hits Ijyb.
Ijyb shouts!
Ijyb is lightly wounded.
You shoot an arrow. The arrow closely misses Ijyb.
Ijyb hits you with a +2 dagger of electrocution.
You are electrocuted!
You shoot an arrow. The arrow hits Ijyb but does no damage.
Ijyb is lightly wounded.
Ijyb hits you with a +2 dagger of electrocution.
You shoot an arrow. The arrow hits Ijyb but does no damage.
Ijyb is lightly wounded.
Ijyb zaps a wand.
You struggle to resist.
You shoot an arrow. The arrow closely misses Ijyb.
Ijyb zaps a wand.
You struggle to resist.
Ijyb zaps a wand.
Your mind is blasted!
You shoot an arrow. The arrow barely misses Ijyb.
Ijyb zaps a wand.
Your mind is blasted!
You die...

.# .# .###
##########...
........?#..
########.#.#
#...###.#g#
#....<..@.#
#...###.###
##. #.# # #.#
#.# #.# ...
##.


You could see Ijyb.

Vanquished Creatures
  Sigmund (D:2)
  A dart slug (D:1)
  3 endoplasms
  A giant cockroach (D:1)
  6 hobgoblins
  4 ball pythons
  4 bats
  10 goblins
  A kobold (D:2)
  3 rats
34 creatures vanquished.

Notes
Turn   | Place    | Note
-------+----------+-------------------------------------------
     0 | D:1      | qw the Djinni Hunter began the quest for the Orb.
     0 | D:1      | Reached XP level 1. HP: 18/18 MP: 0/0
     0 | D:1      | 0 ||| qw: Version: 0.3-a-134-g2ba4250
     0 | D:1      | 0 ||| qw: Game counter: 732
     0 | D:1      | 0 ||| qw: Melee chars always use a shield: true
     0 | D:1      | 0 ||| qw: God list: Okawaru
     0 | D:1      | 0 ||| qw: Allow faded altars: false
     0 | D:1      | 0 ||| qw: Do Orc after clearing Dungeon:15 true
     0 | D:1      | 0 ||| qw: Do second Lair branch before Depths: true
     0 | D:1      | 0 ||| qw: Lair rune preference: random
     0 | D:1      | 0 ||| qw: Goals: Normal
     0 | D:1      | 0 ||| PLANNING D:1-11
   186 | D:1      | Reached XP level 2. HP: 23/23 MP: 0/0
   604 | D:1      | 604 ||| READING scroll labelled MYAFFA JO BAI.
   605 | D:1      | 605 ||| READING scroll labelled OLEFEITS LITE.
   605 | D:1      | 605 ||| IDENTIFYING green potion
   606 | D:1      | 606 ||| READING scroll labelled ROABATW ZUOL.
   610 | D:1      | 610 ||| DROPPING scroll of butterflies.
   645 | D:2      | Noticed Sigmund
   647 | D:2      | 647 ||| DRINKING potion of curing.
   647 | D:2      | 647 ||| (to cure confusion)
   657 | D:2      | Killed Sigmund
   658 | D:2      | Reached skill level 5 in Ranged Weapons
   658 | D:2      | Reached XP level 3. HP: 20/28 MP: 0/0
   658 | D:2      | Learned a level 1 spell: Summon Small Mammal
   658 | D:2      | Reached XP level 4. HP: 24/33 MP: 0/0
   658 | D:2      | Reached XP level 5. HP: 28/38 MP: 0/0
   658 | D:2      | Learned a level 2 spell: Ensorcelled Hibernation
  1271 | D:2      | 1271 ||| UPGRADING to +1 pair of gloves.
  1276 | D:2      | 1276 ||| UPGRADING to ring of positive energy.
  1277 | D:2      | 1277 ||| READING 3 scrolls of identify.
  1277 | D:2      | 1277 ||| IDENTIFYING sedimented red potion
  1278 | D:2      | 1278 ||| READING 2 scrolls of identify.
  1278 | D:2      | 1278 ||| IDENTIFYING 3 scrolls labelled MEEFRA DIRO
  1279 | D:2      | 1279 ||| DROPPING potion of ambrosia.
  1280 | D:2      | 1280 ||| DROPPING 3 scrolls of noise.
  1322 | D:3      | Noticed Ijyb
  1328 | D:3      | Blown up by Ijyb

Levels and vault maps discovered:
D:1:      lightli_arrival_statuegarden, layout_loops_ring
D:2:      cheibrodos_greedy_goblins, layout_rooms, serial_bayou_lagoon_b,
          uniq_sigmund
D:3:      layout_loops_ring, corexii_item_surrounded_by_moat,
          uniq_crazy_yiuf_cottage, uniq_robin, uniq_ijyb, uniq_grinder

Skill      XL: |  1  2 |
---------------+-------+-----
Ranged Weapons | 5 |  5.4
Fighting       | |  2.3
Dodging        | |  2.1
Stealth        | |  0.7

Action                     |  1- 3 |  4- 6 || total
---------------------------+-------+-------++-------
   Fire: Shortbow          |    47 |    40 ||    87
    Use: Scroll            |     3 |     2 ||     5
         Potion            |     1 |       ||     1
 Armour: Leather armour    |    15 |    16 ||    31
  Dodge: Dodged            |    15 |    14 ||    29

Table legend:
 A = Non-vault XP
 B = Vault XP
 C = Vault XP percentage of total XP
 D = Non-vault monster count
 E = Vault monster count
 F = Vault count percentage of total count
                 A         B        C        D         E       F
            +---------+---------+-------+---------+---------+-------
      Total |      37 |     231 |  86.2 |      24 |      10 |  29.4
            +---------+---------+-------+---------+---------+-------
        D:1 |      24 |       0 |   0.0 |      16 |       0 |   0.0
        D:2 |      13 |     231 |  94.7 |       8 |      10 |  55.6
            +---------+---------+-------+---------+---------+-------
